 Dungeon Crawl Stone Soup version 0.28.0-45-g0d030f2227 (webtiles) character file.

Game seed: 4159419224840561922

275 101zpm the Magician (level 6, -3/41 HPs)
             Began as a Djinni Ice Elementalist on Apr 11, 2022.
             Was a Follower of the Shining One.
             Slain by a hound (4 damage)
             ... on level 3 of the Dungeon.
             The game lasted 00:13:41 (6971 turns).

101zpm the Magician (Djinni Ice Elementalist)       Turns: 6971, Time: 00:13:42

Health: -3/41      AC:  0    Str:  7    XL:     6   Next: 49%
Gold:   338        EV: 12    Int: 19    God:    the Shining One [*.....] SH:  0 Dex: 13

rFire   + + .      SeeInvis .   o - +1 whip (venom)
rCold   x . .      Faith    .   (no shield)
rNeg    . . .      Spirit   .   (no armour)
rPois   ∞          Reflect  .   (no helmet)
rElec   .          Harm     .   (no cloak)
rCorr   +          Rampage  .   (no gloves)
Will    .....                   (boots unavailable)
Stlth   +.........              (no amulet)
HPRegen 0.13/turn               b - ring of resist corrosion
MPRegen 0.00/turn               (no ring)

@: flying, very slightly contaminated, glowing
A: sickness immunity, fire resistance 2, cold vulnerability 1, float, innate
caster, HP casting, extra vitality 1
a: Renounce Religion, Divine Shield


You were on level 3 of the Dungeon.
You worshipped the Shining One.
The Shining One was aware of your devotion.
You visited 1 branch of the dungeon, and saw 4 of its levels.
You also visited: Ossuary.

You collected 338 gold pieces.

Inventory:

Hand Weapons
 j - a +1 whip of draining
 o - a +1 whip of venom (weapon)
Missiles
 e - 4 javelins
Armour
 a - a +0 robe
 x - a +4 chain mail
Jewellery
 b - a ring of resist corrosion (left hand)
Scrolls
 c - a scroll of brand weapon {unknown}
 f - a scroll of immolation {unknown}
 g - 5 scrolls of identify {unknown}
 i - 2 scrolls of amnesia {unknown}
 k - a scroll of teleportation {unknown}
 m - a scroll of vulnerability {unknown}
 p - a scroll of magic mapping {unknown}
 s - 3 scrolls of fear {unknown}
 v - a scroll of enchant weapon {unknown}
 w - a scroll of torment {unknown}
Potions
 d - 2 potions of degeneration {unknown}
 h - 3 potions of heal wounds {unknown}
 l - 2 potions of cancellation {unknown}
 n - 2 potions of berserk rage {unknown}
 q - a potion of mutation {unknown}
 r - 4 potions of curing {unknown}
 t - 2 potions of flight {unknown}
 u - 2 potions of attraction {unknown}


   Skills:
 + Level 0.7 Fighting
 + Level 1.2 Maces & Flails
 + Level 2.7 Dodging
 + Level 2.6 Stealth
 + Level 0.4 Unarmed Combat
 + Level 4.9 Spellcasting


You couldn't memorise any spells.
You knew the following spells:

 Your Spells              Type           Power      Damage    Failure   Level
a - Freeze                Ice            92%        1d10      1%          1
b - Frozen Ramparts       Ice            46%        1d6       4%          3
c - Ozocubu's Armour      Ice            23%        N/A       4%          3
d - Hailstorm             Conj/Ice       23%        3d7       16%         4
e - Magic Dart            Conj           92%        1d7       1%          1
f - Wereblood             Tmut           23%        N/A       2%          2
Your spell library was empty.

Dungeon Overview and Level Annotations

Branches:
Dungeon (4/15)            Ossuary (visited)
 Temple: D:4-7

Altars:
Wu Jian
The Shining One


Innate Abilities, Weirdness & Mutations

You are immune to sickness and miasma.
You are immune to poison.
Your flesh is very heat resistant. (rF++)
You are vulnerable to cold. (rC-)
You float through the air rather than walking.
You learn spells naturally, not from books.
Your magical power is your life essence.
You have superior vitality. (+4 MHP)


Message History

You finish taking off your +4 chain mail.
Aiming: Magic Dart (safe; 1% risk of failure)
Press: ? - help, Q - select action, (/) - cycle Shift-Dir - straight line, f/p - hound
Aim: a hound (haloed, 100% to hit)
The magic dart hits the hound but does no damage.
The hound bites you. x2; The ball python bites you.
The ball python constricts you.
The ball python's grasp on you weakens, but your attempt to escape fails.
The hound closely misses you. The ball python bites you.
* * * LOW HITPOINT WARNING * * *
The ball python constricts you.
* * * LOW HITPOINT WARNING * * *
You escape the ball python's grasp.
The hound barely misses you. The ball python bites you.
* * * LOW HITPOINT WARNING * * *
The ball python barely misses you. The hound bites you.
* * * LOW HITPOINT WARNING * * *
The hound barely misses you. The ball python barely misses you.
The ball python grabs you. The ball python constricts you.
* * * LOW HITPOINT WARNING * * *
You escape the ball python's grasp.
The ball python barely misses you. x2
There is a stone staircase leading up here.
The hound bites you.
* * * LOW HITPOINT WARNING * * *
The ball python bites you.
* * * LOW HITPOINT WARNING * * *
The ball python closely misses you. The hound bites you.
* * * LOW HITPOINT WARNING * * *
You fly upwards.
There is a stone staircase leading down here.
Casting: Magic Dart (safe; 1% risk of failure)
Confirm with . or Enter, or press ? or * to list all spells.
You don't have enough health to cast this spell.
Unknown command.
The ball python closely misses you. The ball python misses you.
The hound bites you.
You die...

#.########## ####### #..........#
#...... #....#####.# #.#####
##########.## #.# #.#
#...........# #.# #.#
#...........# #.# #.#
#...........####.#######.#####
#...........h>S[..............
#...........#@##.#######.#####
##'#+########.##.#####........
##'#+###.........≈≈♣..........
#...............P≈≈♣P.........
#........#######.≈≈♣P#########
####........#........≈####...####
...'........#..........)...#...))
.###........#####################
.# ##<#'###.# ♣


You could see a hound and a ball python.

Vanquished Creatures
  An orc priest (D:3)
  8 mummies (Ossuary)
  A hound skeleton (D:4)
  4 gnolls (D:3)
  2 adders (D:3)
  6 orcs (D:3)
  7 endoplasms
  3 giant cockroaches
  3 gnoll zombies (Ossuary)
  4 hobgoblins
  2 quokkas
  4 ball pythons
  8 bats
  3 frilled lizards
  8 goblins
  A hobgoblin zombie (Ossuary)
  4 kobolds
  A kobold zombie (Ossuary)
  3 orc zombies (Ossuary)
  9 rats
82 creatures vanquished.

Vanquished Creatures (others)
  17 plants (D:3)
17 creatures vanquished.

Grand Total: 99 creatures vanquished

Notes
Turn   | Place    | Note
-------+----------+-------------------------------------------
     0 | D:1      | 101zpm the Djinni Ice Elementalist began the quest for the
                  | Orb.
     0 | D:1      | Reached XP level 1. HP: 15/15 MP: 0/0
   657 | D:1      | Reached XP level 2. HP: 21/21 MP: 0/0
  1362 | D:1      | Reached XP level 3. HP: 23/25 MP: 0/0
  1362 | D:1      | Learned a level 1 spell: Magic Dart
  3128 | D:3      | Reached skill level 4 in Spellcasting
  3128 | D:3      | Reached XP level 4. HP: 11/31 MP: 0/0
  3692 | D:3      | Reached XP level 5. HP: 28/35 MP: 0/0
  3692 | D:3      | Learned a level 2 spell: Wereblood
  3910 | D:3      | Found a glowing golden altar of the Shining One.
  4678 | D:3      | Found an ornate altar of the Wu Jian Council.
  4907 | D:3      | Became a worshipper of the Shining One
  4955 | D:4      | Found a sand-covered staircase.
  4964 | Ossuary  | Entered an ossuary
  5698 | Ossuary  | Reached * piety under the Shining One
  5699 | Ossuary  | Reached XP level 6. HP: 10/41 MP: 0/0
  6288 | Ossuary  | Reached skill level 1 in Maces & Flails
  6969 | D:4      | HP: 2/41 [ball python (1)]
  6971 | D:3      | Slain by a hound

Illustrated notes

Levels and vault maps discovered:
D:1:      evilmike_arrival_rings, layout_basic,
          nicolae_concentric_dashed_squares_wild
D:2:      layout_basic
D:3:      kb_forest_paths, layout_basic, lemuel_tele_altar, tso_oasis_becter,
          serial_bayou, serial_bayou_pond_c, serial_bayou_pond_c,
          serial_bayou_pond_d
D:4:      layout_cave_pools, xom_butterflies, mainiacjoe_overflow_two_lobes,
          minmay_temple_entry_statues_pillars, nicolae_ossuary_entry_ruins,
          uniq_crazy_yiuf_cottage

Skill      XL: |  1  2  3  4  5  6 |
---------------+-------------------+-----
Stealth        | 2 |  2.6
Spellcasting   | 4 |  4.9
Maces & Flails | 1 |  1.2
Fighting       | |  0.7
Dodging        | |  2.7
Unarmed Combat | |  0.4

Action                   |  1- 3 |  4- 6 || total
-------------------------+-------+-------++-------
Melee: Unarmed           |    26 |       ||    26
       Punch             |     2 |     1 ||     3
       Whip              |     3 |    26 ||    29
 Cast: Freeze            |    40 |     7 ||    47
       Frozen Ramparts   |     2 |    13 ||    15
       Magic Dart        |       |    90 ||    90
 Stab: Sleeping          |     3 |     1 ||     4
       Distracted        |       |     1 ||     1
Armor: Robe              |    12 |     1 ||    13
       Chain mail        |       |    22 ||    22
Dodge: Dodged            |    26 |    34 ||    60
